 Dungeon Crawl Stone Soup version 0.32-a0-17-gb74e046682 (webtiles) character file.

Game seed: 2152451397401701425

1041 PriceMaster the Sneak (level 8, -2/50 HPs)
             Began as an Octopode Conjurer on Jan 15, 2024.
             Was an Initiate of Vehumet.
             Slain by a gnoll
             ... wielding a +0 spear
              (8 damage)
             ... on level 6 of the Dungeon.
             The game lasted 00:10:41 (5705 turns).

PriceMaster the Sneak (Octopode Conjurer)           Turns: 5705, Time: 00:10:42

Health: -2/50      AC:  3    Str:  7    XL:     8   Next: 25%
Magic:  1/13       EV: 13    Int: 22    God:    Vehumet [......]
Gold:   268        SH:  0    Dex: 10    Spells: 7/13 levels left

rFire   . . .        d - +4 quarterstaff (chaos)
rCold   . . .        (shield currently unavailable)
rNeg    . . .        o - +2 hat
rPois   .            (no amulet)
rElec   .            i - ring of willpower
rCorr   .            (no ring)
SInv    .            (no ring)
Will    +....        (no ring)
Stlth   ++++         (no ring)
HPRegen 0.28/turn    (no ring)
MPRegen 0.13/turn    (no ring)
                     (no ring)

%: no passive effects
@: very slightly contaminated
A: almost no armour, amphibious, 8 rings, camouflage 1, gelatinous body 1,
(nimble swimmer 1), tentacles
a: Renounce Religion


You were on level 6 of the Dungeon.
You worshipped Vehumet.
Vehumet was noncommittal.
You visited 2 branches of the dungeon, and saw 7 of its levels.

You collected 268 gold pieces.

Inventory:

Hand Weapons
 c - a +0 dagger
 d - a +4 quarterstaff of chaos (weapon)
 m - a +0 spear of venom
Armour
 o - a +2 hat (worn)
Jewellery
 i - a ring of willpower (left tentacle)
 s - a +6 ring of intelligence
Wands
 t - a wand of mindburst (7)
Scrolls
 a - a scroll of immolation {unknown}
 b - 2 scrolls of teleportation
 f - a scroll of torment {unknown}
 n - 2 scrolls of revelation {unknown}
 p - 2 scrolls of fear {unknown}
 q - a scroll of fog {unknown}
 u - a scroll of identify
Potions
 e - 2 potions of degeneration {unknown}
 g - 2 potions of heal wounds {unknown}
 h - a potion of brilliance {unknown}
 j - a potion of enlightenment {unknown}
 k - a potion of curing
 l - a potion of lignification {unknown}
 r - a potion of berserk rage {unknown}


   Skills:
 + Level 2.0 Fighting
 + Level 0.7 Short Blades
 + Level 0.4(2.5) Polearms
 + Level 4.1(4.2) Staves
 + Level 3.7 Dodging
 + Level 6.5 Stealth
 + Level 0.1 Unarmed Combat
 + Level 3.4 Spellcasting
 + Level 6.1 Conjurations
 + Level 0.6 Ice Magic


You had 7 spell levels left.
You knew the following spells:

 Your Spells              Type           Power      Damage    Failure   Level
a - Magic Dart            Conj           100%       1d8       1%          1
b - Searing Ray           Conj           60%        2d6       1%          2
c - Hailstorm             Conj/Ice       18%        3d7       9%          3

Your spell library contained the following spells:

 Spells                   Type           Power      Damage    Failure   Level
 Freeze                   Ice            24%        1d4       9%          1
 Frozen Ramparts          Ice            12%        1d2       26%         3
 Fulminant Prism          Conj/Alch      8%         3d7       32%         4
 Iskenderun's Mystic Bla  Conj/Tloc      17%        2d5       32%         4


Dungeon Overview and Level Annotations

Branches:
Dungeon (6/15)             Temple (1/1) D:5

Altars:
Ashenzari
Cheibriados
Dithmenos
Elyvilon
Fedhas
Gozag
Hepliaklqana
Kikubaaqudgha
Makhleb
Nemelex Xobeh
Okawaru
Qazlal
Ru
Uskayaw
Vehumet
Wu Jian
Yredelemnul
Zin
The Shining One

Annotations:
D:3 2 transporters, waq's ghost, amateur HuBr


Innate Abilities, Weirdness & Mutations

You cannot wear most types of armour.
You are amphibious.
You can wear up to eight rings at the same time.
Your skin changes colour to match your surroundings (Stealth+).
Your rubbery body absorbs attacks. (AC +1, EV +1)
((You are camouflaged when in or above water. (Stealth+)))
You have tentacles for arms and can constrict up to eight enemies at once.


Message History

The hail misses the gnoll.
The hail pelts the gnoll!
The gnoll is almost dead.
You feel sick. The adder barely misses you. The gnoll closely misses you.
The gnoll hits you from afar with a +0 spear!
Unknown command.
Casting: Hailstorm (dangerous; 9% risk of failure)
Confirm with . or Enter, or press ? or * to list all spells.
You don't have enough magic to cast this spell.
Casting: Hailstorm (dangerous; 9% risk of failure)
Confirm with . or Enter, or press ? or * to list all spells.
You don't have enough magic to cast this spell.
You barely miss the gnoll. Your grab misses the gnoll.
Your squeeze misses the gnoll.
The gnoll is heavily wounded.
You feel sick. The adder bites you.
You are more poisoned.
The adder poisons you! The adder bites you. The gnoll hits you with a +0 club.
The gnoll closely misses you. The gnoll misses you.
You feel better. The adder bites you.
You are poisoned.
The adder poisons you! The gnoll misses you.
The gnoll hits you from afar with a +0 spear.
The gnoll closely misses you.
You thump the adder!
The adder seems to slow down.
You freeze the adder.
You kill the adder!
Vehumet accepts your kill.
You feel sick. The gnoll barely misses you.
The gnoll hits you from afar with a +0 spear! x2
* * * LOW HITPOINT WARNING * * *
You feel better. The gnoll hits you with a +0 club.
The gnoll hits you from afar with a +0 spear.
* * * LOW HITPOINT WARNING * * *
The gnoll hits you from afar with a +0 spear.
* * * LOW HITPOINT WARNING * * *
You barely miss the gnoll. You grab the gnoll. You squeeze the gnoll.
The gnoll is severely wounded.
You constrict the gnoll. The gnoll hits you with a +0 club.
* * * LOW HITPOINT WARNING * * *
The gnoll hits you from afar with a +0 spear!
You die...

..............#
.......?......#
..............#
..[....).....##
.....(.........
...............
.............#
..?....@.....#
.......g†)...#
.$......gg...#
....:........#
...............
.............#+
...............
...............


You could see 3 gnolls.

Vanquished Creatures
  An ice beast (D:5)
  A black bear (D:4)
  2 ogres
  A phantom (D:3)
  A scorpion (D:5)
  An orc priest (D:5)
  Crazy Yiuf (D:2)
  A hound (D:5)
  2 iguanas (D:5)
  A sleepcap (D:5)
  Natasha (thrice) (D:2)
  2 orc wizards (D:5)
  9 adders
  5 gnolls
  13 dart slugs
  A ribbon worm (D:2)
  8 orcs
  11 ball pythons
  8 endoplasms
  A giant cockroach (D:3)
  17 goblins
  6 hobgoblins
  4 jackals
  2 quokkas (D:1)
  6 bats
  2 frilled lizards
  4 kobolds
  7 rats
121 creatures vanquished.

Vanquished Creatures (others)
  A hobgoblin (D:4)
1 creature vanquished.

Grand Total: 122 creatures vanquished

Notes
Turn   | Place    | Note
-------+----------+-------------------------------------------
     0 | D:1      | PriceMaster the Octopode Conjurer began the quest for the
                  | Orb.
     0 | D:1      | Reached XP level 1. HP: 11/11 MP: 3/3
   122 | D:1      | Reached XP level 2. HP: 10/17 MP: 0/5
   296 | D:1      | Found a faded altar of an unknown god.
   635 | D:1      | Reached XP level 3. HP: 21/21 MP: 6/6
   870 | D:1      | Learned a level 2 spell: Searing Ray
   917 | D:2      | Noticed Natasha
   922 | D:2      | Killed Natasha
  1117 | D:2      | Found a runed translucent door.
  1118 | D:2      | Noticed Crazy Yiuf
  1227 | D:2      | Reached skill level 5 in Conjurations
  1227 | D:2      | Reached XP level 4. HP: 27/27 MP: 7/7
  1338 | D:2      | Noticed Natasha
  1345 | D:2      | Killed Natasha
  1531 | D:2      | Reached XP level 5. HP: 31/31 MP: 2/8
  1761 | D:2      | Noticed Natasha
  1764 | D:2      | Killed Natasha
  1964 | D:2      | Killed Crazy Yiuf
  2131 | D:3      | Found a hazy altar of Hepliaklqana.
  2194 | D:3      | Noticed a black bear
  2195 | D:3      | Found a transporter.
  2195 | D:3      | Noticed waq's ghost (amateur HuBr)
  2228 | D:3      | Found a transporter.
  2435 | D:3      | Found an ancient bone altar of Kikubaaqudgha.
  2554 | D:3      | Noticed a phantom
  2560 | D:3      | Killed a phantom
  2561 | D:3      | Reached XP level 6. HP: 35/37 MP: 9/9
  2740 | D:3      | Reached skill level 1 in Staves
  3081 | D:4      | Noticed a black bear
  3085 | D:4      | Killed a black bear
  3086 | D:4      | Reached skill level 1 in Fighting
  3086 | D:4      | Reached skill level 5 in Stealth
  3090 | D:4      | Learned a level 3 spell: Hailstorm
  3470 | D:4      | Reached XP level 7. HP: 41/43 MP: 7/11
  3663 | D:4      | Found a shadowy altar of Dithmenos.
  4044 | D:5      | Entered Level 5 of the Dungeon
  4090 | D:5      | Found an opulent altar of Gozag.
  4091 | D:5      | Found an iron altar of Okawaru.
  4293 | D:5      | Found a staircase to the Ecumenical Temple.
  4393 | Temple   | Entered the Ecumenical Temple
  4534 | Temple   | Became a worshipper of Vehumet
  5028 | D:5      | Reached XP level 8. HP: 50/50 MP: 3/12
  5705 | D:6      | Slain by a gnoll

Illustrated notes

Levels and vault maps discovered:
D:1:      dpeg_arrival_tiny_f, layout_loops_cross,
          shapermc_ecumenical_altar_mp_highgroup,
          chequers_serial_rivers_small_3, chequers_serial_rivers_small_3,
          reono_crystal_passage
D:2:      layout_basic, uniq_natasha, uniq_crazy_yiuf_cottage
D:3:      layout_loops_ring, mainiacjoe_overflow_concentric_impassable,
          nicolae_kikubaaqudgha_miasma_corner, gammafunk_ghost_arena,
          minmay_misc_feat_diagonals, minmay_door_square,
          dreamdust_princess_corridor
D:4:      kennysheep_slugbush, layout_basic,
          nicolae_dithmenos_through_a_glass_darkly, grunt_ministairs_14,
          amcnicky_mini_pool_small, minmay_ogre_servants
D:5:      layout_loops_corners, mainiacjoe_overflow_divided_tiny, temple_pool_b,
          minivault_23
D:6:      layout_basic, uniq_edmund
Temple:   minmay_temple_curvy_branch

Skill      XL: |  1  2  3  4  5  6  7  8 |
---------------+-------------------------+-----
Stealth        | 3 4 5 6 |  6.5
Conjurations   | 5 6 |  6.1
Staves         | 2 3 4 |  4.1
Fighting       | 1 2 |  2.0
Dodging        | 3 |  3.7
Spellcasting   | 3 |  3.4
Short Blades   | |  0.7
Polearms       | |  0.4
Unarmed Combat | |  0.1
Ice Magic      | |  0.6

Action                     |  1- 3 |  4- 6 |  7- 9 || total
---------------------------+-------+-------+-------++-------
  Melee: Dagger            |    40 |     2 |       ||    42
         Unarmed           |     4 |       |       ||     4
         Constrict         |    11 |     9 |     8 ||    28
         Tentacles         |     7 |     7 |     6 ||    20
         Punch             |     1 |     1 |       ||     2
         Spear             |       |     8 |       ||     8
         Quarterstaff      |       |    46 |    32 ||    78
   Cast: Magic Dart        |    20 |    34 |    10 ||    64
         Searing Ray       |     3 |     7 |    11 ||    21
         Hailstorm         |       |     4 |     6 ||    10
    Use: Potion            |       |     4 |     3 ||     7
         Scroll            |       |     4 |       ||     4
   Stab: Sleeping          |     2 |    13 |     4 ||    19
         Paralysed         |       |       |     1 ||     1
 Armour: Skin              |    16 |    26 |    39 ||    81
  Dodge: Dodged            |    26 |    43 |    40 ||   109

Table legend: (Time is in decaauts)
 A = Elapsed time spent in this place.
 B = Non-inter-level travel time spent in this place.
 C = Inter-level travel time spent in this place.
 D = Time resting spent in this place.
 E = Time spent auto-exploring this place.
 F = Levels seen in this place.
 G = Mean time per level.
                   A        B        C        D        E       F      G
               +--------+--------+--------+--------+--------+-----+--------+
         Total |   5699 |   5363 |    336 |    277 |   4217 |   7 |  814.1 |
       Dungeon |   5535 |   5221 |    314 |    277 |   4217 |   6 |  922.5 |
        Temple |    163 |    141 |     22 |      0 |      0 |   1 |  163.0 |
               +--------+--------+--------+--------+--------+-----+--------+

Top non-repeatable levels by time:
     D:5: 1488 daAuts
     D:4: 1169 daAuts
     D:2: 1141 daAuts
     D:1: 902 daAuts
     D:3: 823 daAuts
  Temple: 163 daAuts
     D:6: 11 daAuts
